[ AOE2 MATCH · #507040082 ]
UnrankedVietnamese vs Persians
Rival team · WIN
[ REPLAY ANALYSIS · EXTRACTED FROM THE RECORDED GAME ]
Feudal
11:52
Castle
23:47
Imperial
—
| APM avg | 51.4 |
| APM peak | 179 |
| eAPM avg | 16.6 |
| Villagers / military | 50 / 31 |
Focus
⚔️ 24.9% · 🌾 75.1%
Monk ×19 · Archer ×11 · Scorpion ×1
Feudal
14:09
Castle
23:36
Imperial
—
| APM avg | 47.3 |
| APM peak | 85 |
| eAPM avg | 19.5 |
| Villagers / military | 60 / 30 |
Focus
⚔️ 37.4% · 🌾 62.6%
Knight ×18 · Skirmisher ×7 · Militia ×3 · Spearman ×1 · Battering Ram ×1
Match map
Initial resources + every placement click. Lines = walls · curves = elevation contours. ◆ gold · ⬟ stone · ● berries · ✦ relic · ◌ wall gap
Your base· ✓ Closed at 23:47 · 44t walls · 1 gate(s)
vidar's base· ✓ Closed at 23:36 · 73t walls · 2 gate(s)
Smoothed initial terrain · ◌ = detected wall gap · hover for details
Inputs per minute
— kim.henrik.himanen123 - - vidar
Build order — kim.henrik.himanen123
135 actions detected in the replay
| 0:00 | Queue | Villager (Male) ×4 |
| 0:01 | Build | House |
| 0:02 | Build | House |
| 0:32 | Research | Loom |
| 0:33 | Queue | Villager (Male) ×2 |
| 1:37 | Queue | Villager (Male) |
| 2:33 | Queue | Villager (Male) |
| 2:35 | Build | House |
| 2:47 | Build | House |
| 2:53 | Queue | Villager (Male) |
| 3:12 | Build | House |
| 3:21 | Build | House |
| 3:24 | Build | House |
| 3:28 | Queue | Villager (Male) |
| 3:45 | Queue | Villager (Male) |
| 3:58 | Build | House |
| 4:41 | Queue | Villager (Male) ×2 |
| 4:53 | Queue | Villager (Male) |
| 5:32 | Queue | Villager (Male) ×2 |
| 6:02 | Queue | Villager (Male) |
| 6:05 | Build | Lumber Camp |
| 6:12 | Queue | Villager (Male) |
| 6:37 | Queue | Villager (Male) |
| 6:55 | Queue | Villager (Male) |
| 7:22 | Queue | Villager (Male) |
| 7:26 | Build | House |
| 7:45 | Queue | Villager (Male) |
| 8:50 | Queue | Villager (Male) |
| 8:50 | Queue | Villager (Male) |
| 8:54 | Build | Barracks |
| 9:14 | Build | Mining Camp |
| 9:42 | Research | Feudal Age |
| 10:55 | Build | House |
| 11:52 | Age | Feudal Age |
| 11:54 | Build | Archery Range |
| 11:56 | Build | Blacksmith |
| 12:01 | Build | Mill |
| 12:09 | Queue | Villager (Male) |
| 12:10 | Queue | Villager (Male) |
| 12:23 | Build | House |
| 12:26 | Build | House |
| 12:28 | Build | House |
| 12:38 | Queue | Archer |
| 12:40 | Research | Fletching |
| 12:46 | Build | Palisade Wall |
| 13:01 | Queue | Villager (Male) |
| 13:01 | Queue | Villager (Male) |
| 13:02 | Research | Double-Bit Axe |
| 13:10 | Queue | Archer |
| 13:33 | Build | Mill |
| 14:14 | Queue | Archer |
| 14:16 | Queue | Villager (Male) |
| 14:16 | Queue | Villager (Male) |
| 14:34 | Queue | Archer |
| 14:44 | Build | Palisade Gate |
| 14:50 | Build | House |
| 14:51 | Build | Palisade Wall |
| 15:05 | Queue | Villager (Male) |
| 15:21 | Build | Palisade Wall |
| 15:28 | Queue | Archer |
| 15:28 | Queue | Archer |
| 15:57 | Build | Farm |
| 16:16 | Build | Palisade Wall |
| 16:20 | Queue | Archer |
| 16:27 | Queue | Villager (Male) |
| 17:08 | Queue | Villager (Male) |
| 17:15 | Build | Farm |
| 17:24 | Queue | Archer |
| 17:24 | Queue | Archer |
| 17:45 | Queue | Villager (Male) |
| 17:54 | Build | Market |
| 17:55 | Queue | Villager (Male) |
| 18:00 | Build | House |
| 18:03 | Build | Palisade Wall |
| 18:07 | Build | House |
| 18:09 | Build | House |
| 18:18 | Queue | Villager (Male) |
| 18:25 | Queue | Villager (Male) |
| 18:33 | Queue | Villager (Male) |
| 18:37 | Queue | Archer |
| 18:37 | Queue | Archer |
| 19:07 | Queue | Villager (Male) |
| 19:09 | Build | Farm |
| 19:09 | Build | Farm |
| 19:09 | Build | Farm |
| 19:09 | Build | Farm |
| 19:09 | Build | Farm |
| 19:10 | Build | Farm |
| 19:19 | Build | Palisade Wall |
| 19:22 | Build | Palisade Wall |
| 20:01 | Queue | Villager (Male) |
| 20:02 | Queue | Villager (Male) |
| 21:07 | Research | Castle Age |
| 22:17 | Build | Mining Camp |
| 22:58 | Research | Horse Collar |
| 23:36 | Build | Mining Camp |
| 23:47 | Age | Castle Age |
| 23:49 | Build | Siege Workshop |
| 23:51 | Build | Monastery |
| 23:58 | Build | Siege Workshop |
| 24:08 | Build | House |
| 24:39 | Queue | Monk |
| 24:40 | Queue | Monk |
| 24:42 | Build | Monastery |
| 24:46 | Build | Palisade Wall |
| 24:47 | Build | Palisade Wall |
| 24:48 | Build | Palisade Wall |
| 24:58 | Queue | Villager (Male) |
| 24:59 | Queue | Villager (Male) |
| 25:11 | Research | Gold Mining |
| 25:19 | Build | Lumber Camp |
| 25:24 | Queue | Monk |
| 25:24 | Queue | Monk |
| 25:26 | Build | Monastery |
| 25:49 | Build | Monastery |
| 25:52 | Queue | Villager (Male) |
| 25:53 | Queue | Villager (Male) |
| 25:56 | Queue | Monk |
| 25:57 | Queue | Monk |
| 26:24 | Research | Sanctity |
| 26:24 | Research | Sanctity |
| 26:30 | Build | Mining Camp |
| 26:40 | Build | Farm |
| 26:42 | Build | Farm |
| 26:49 | Queue | Monk ×2 |
| 26:49 | Queue | Monk ×2 |
| 27:02 | Queue | Scorpion |
| 27:23 | Queue | Monk |
| 27:23 | Queue | Monk |
| 27:25 | Queue | Villager (Male) ×5 |
| 27:31 | Build | Mining Camp |
| 27:41 | Queue | Monk |
| 27:41 | Queue | Monk ×2 |
| 27:41 | Queue | Monk |
| 28:33 | Queue | Monk ×3 |
Build order — vidar
First 150 of 191 actions detected
| 0:00 | Queue | Villager (Male) |
| 0:01 | Queue | Villager (Male) |
| 0:02 | Build | House |
| 0:03 | Build | House |
| 0:06 | Queue | Villager (Male) |
| 0:14 | Queue | Villager (Male) |
| 0:22 | Queue | Villager (Male) |
| 1:26 | Queue | Villager (Male) |
| 1:49 | Build | Lumber Camp |
| 1:58 | Queue | Villager (Male) |
| 2:16 | Queue | Villager (Male) |
| 2:28 | Queue | Villager (Male) |
| 3:19 | Build | House |
| 3:20 | Queue | Villager (Male) |
| 4:14 | Research | Loom |
| 4:40 | Queue | Villager (Male) |
| 4:48 | Build | Lumber Camp |
| 4:58 | Queue | Villager (Male) |
| 5:36 | Queue | Villager (Male) |
| 5:52 | Queue | Villager (Male) |
| 6:17 | Queue | Villager (Male) |
| 6:58 | Build | Mill |
| 6:59 | Queue | Villager (Male) |
| 7:16 | Queue | Villager (Male) |
| 7:18 | Queue | Villager (Male) |
| 7:21 | Build | House |
| 7:48 | Build | Barracks |
| 7:50 | Queue | Villager (Male) |
| 8:02 | Build | Mill |
| 8:08 | Queue | Villager (Male) |
| 8:35 | Queue | Villager (Male) |
| 8:47 | Build | House |
| 8:49 | Queue | Militia |
| 8:59 | Queue | Villager (Male) |
| 9:02 | Build | Farm |
| 9:03 | Build | Farm |
| 9:11 | Queue | Militia |
| 9:23 | Queue | Villager (Male) |
| 9:38 | Queue | Villager (Male) |
| 9:41 | Build | Farm |
| 10:05 | Queue | Militia |
| 10:07 | Queue | Villager (Male) |
| 10:35 | Queue | Villager (Male) |
| 10:50 | Build | Palisade Wall |
| 10:59 | Build | Farm |
| 11:01 | Queue | Villager (Male) |
| 11:03 | Build | Farm |
| 11:11 | Build | Palisade Wall |
| 11:17 | Build | Outpost |
| 11:24 | Build | House |
| 11:26 | Build | Palisade Wall |
| 11:31 | Queue | Villager (Male) |
| 11:56 | Build | Palisade Wall |
| 12:05 | Research | Feudal Age |
| 12:20 | Build | Palisade Wall |
| 12:20 | Build | Palisade Wall |
| 12:21 | Build | Palisade Wall |
| 12:21 | Build | Palisade Wall |
| 12:22 | Build | Palisade Wall |
| 12:24 | Build | Palisade Wall |
| 12:25 | Build | Palisade Wall |
| 12:26 | Build | Palisade Wall |
| 12:27 | Build | Palisade Wall |
| 12:28 | Build | Palisade Wall |
| 12:28 | Build | Palisade Wall |
| 12:29 | Build | Palisade Wall |
| 12:29 | Build | Palisade Wall |
| 12:30 | Build | Palisade Wall |
| 12:42 | Build | Palisade Wall |
| 12:48 | Build | Palisade Wall |
| 13:11 | Build | Mining Camp |
| 13:43 | Build | Palisade Gate |
| 14:09 | Age | Feudal Age |
| 14:13 | Queue | Villager (Male) |
| 14:16 | Build | Palisade Wall |
| 14:28 | Build | Lumber Camp |
| 14:35 | Build | Archery Range |
| 14:40 | Queue | Villager (Male) |
| 14:42 | Research | Double-Bit Axe |
| 14:43 | Research | Horse Collar |
| 14:44 | Queue | Villager (Male) |
| 15:06 | Build | Palisade Wall |
| 15:10 | Queue | Spearman |
| 15:17 | Build | Farm |
| 15:18 | Build | Farm |
| 15:19 | Queue | Villager (Male) |
| 15:33 | Build | Palisade Wall |
| 15:35 | Build | Palisade Wall |
| 15:37 | Build | Palisade Wall |
| 15:40 | Build | Palisade Wall |
| 15:42 | Build | Palisade Wall |
| 15:42 | Queue | Villager (Male) |
| 15:44 | Build | Palisade Wall |
| 15:45 | Build | House |
| 16:01 | Build | Blacksmith |
| 16:15 | Queue | Villager (Male) |
| 16:17 | Build | Farm |
| 16:20 | Build | Farm |
| 16:23 | Build | Farm |
| 16:33 | Queue | Villager (Male) |
| 16:51 | Build | Palisade Wall |
| 17:04 | Build | House |
| 17:06 | Build | Mining Camp |
| 17:10 | Queue | Villager (Male) |
| 17:14 | Build | Farm |
| 17:16 | Build | Farm |
| 17:16 | Queue | Villager (Male) |
| 17:17 | Queue | Villager (Male) |
| 17:18 | Build | Farm |
| 17:22 | Build | Farm |
| 17:43 | Queue | Skirmisher |
| 17:44 | Queue | Skirmisher |
| 17:54 | Build | Palisade Wall |
| 17:58 | Research | Fletching |
| 18:08 | Queue | Villager (Male) |
| 18:13 | Queue | Skirmisher |
| 18:21 | Queue | Villager (Male) |
| 18:25 | Queue | Skirmisher |
| 18:43 | Queue | Villager (Male) |
| 18:45 | Build | Farm |
| 18:47 | Build | Farm |
| 18:53 | Queue | Skirmisher |
| 19:13 | Build | Farm |
| 19:16 | Build | Farm |
| 19:18 | Build | Farm |
| 19:28 | Queue | Villager (Male) |
| 19:34 | Build | House |
| 19:35 | Build | House |
| 19:49 | Research | Wheelbarrow |
| 20:20 | Build | Stable |
| 20:41 | Build | Palisade Gate |
| 21:10 | Research | Castle Age |
| 21:16 | Build | Stable |
| 21:27 | Queue | Skirmisher |
| 21:46 | Research | Bloodlines |
| 22:18 | Research | Scale Barding Armor |
| 22:25 | Build | Farm |
| 22:26 | Build | Farm |
| 22:45 | Build | Mill |
| 22:51 | Research | Forging |
| 23:32 | Queue | Villager (Male) |
| 23:36 | Age | Castle Age |
| 23:37 | Queue | Knight |
| 23:38 | Queue | Knight |
| 23:51 | Research | Chain Barding Armor |
| 23:56 | Queue | Villager (Male) |
| 24:05 | Research | Bow Saw |
| 24:37 | Queue | Knight |
| 24:39 | Queue | Villager (Male) |
| 24:50 | Queue | Skirmisher |
Match timeline
| 7:48 | vidar · first_building Barracks |
| 8:54 | kim.henrik.himanen123 · first_building Barracks |
| 10:50 | vidar · wall_segment Palisade Wall x8 |
| 11:11 | vidar · wall_segment Palisade Wall x9 |
| 11:26 | vidar · wall_segment Palisade Wall x7 |
| 11:52 | kim.henrik.himanen123 · age_up feudal |
| 11:54 | kim.henrik.himanen123 · first_building Archery Range |
| 11:56 | vidar · wall_segment Palisade Wall x7 |
| 12:20 | vidar · wall_segment Palisade Wall x1 |
| 12:20 | vidar · wall_segment Palisade Wall x1 |
| 12:21 | vidar · wall_segment Palisade Wall x1 |
| 12:21 | vidar · wall_segment Palisade Wall x1 |
| 12:22 | vidar · wall_segment Palisade Wall x1 |
| 12:24 | vidar · wall_segment Palisade Wall x1 |
| 12:25 | vidar · wall_segment Palisade Wall x1 |
| 12:26 | vidar · wall_segment Palisade Wall x1 |
| 12:27 | vidar · wall_segment Palisade Wall x1 |
| 12:28 | vidar · wall_segment Palisade Wall x1 |
| 12:28 | vidar · wall_segment Palisade Wall x1 |
| 12:29 | vidar · wall_segment Palisade Wall x1 |
| 12:29 | vidar · wall_segment Palisade Wall x1 |
| 12:30 | vidar · wall_segment Palisade Wall x1 |
| 12:42 | vidar · wall_segment Palisade Wall x6 |
| 12:46 | kim.henrik.himanen123 · wall_segment Palisade Wall x1 |
| 12:48 | vidar · wall_segment Palisade Wall x8 |
| 14:09 | vidar · age_up feudal |
| 14:16 | vidar · wall_segment Palisade Wall x6 |
| 14:35 | vidar · first_building Archery Range |
| 14:51 | kim.henrik.himanen123 · wall_segment Palisade Wall x1 |
| 15:06 | vidar · wall_segment Palisade Wall x4 |
| 15:21 | kim.henrik.himanen123 · wall_segment Palisade Wall x6 |
| 15:33 | vidar · wall_segment Palisade Wall x1 |
| 15:35 | vidar · wall_segment Palisade Wall x1 |
| 15:37 | vidar · wall_segment Palisade Wall x1 |
| 15:40 | vidar · wall_segment Palisade Wall x1 |
| 15:42 | vidar · wall_segment Palisade Wall x1 |
| 15:44 | vidar · wall_segment Palisade Wall x1 |
| 16:16 | kim.henrik.himanen123 · wall_segment Palisade Wall x15 |
| 16:51 | vidar · wall_segment Palisade Wall x1 |
| 17:54 | vidar · wall_segment Palisade Wall x1 |
| 18:03 | kim.henrik.himanen123 · wall_segment Palisade Wall x7 |
| 19:19 | kim.henrik.himanen123 · wall_segment Palisade Wall x9 |
| 19:22 | kim.henrik.himanen123 · wall_segment Palisade Wall x6 |
| 19:36 | kim.henrik.himanen123 · first_market_sell 500 wood |
| 19:39 | kim.henrik.himanen123 · first_market_buy 100 food |
| 20:20 | vidar · first_building Stable |
| 23:36 | vidar · age_up castle |
| 23:47 | kim.henrik.himanen123 · age_up castle |
| 23:49 | kim.henrik.himanen123 · first_building Siege Workshop |
| 23:51 | kim.henrik.himanen123 · first_building Monastery |
| 24:46 | kim.henrik.himanen123 · wall_segment Palisade Wall x1 |
| 24:47 | kim.henrik.himanen123 · wall_segment Palisade Wall x1 |
| 24:48 | kim.henrik.himanen123 · wall_segment Palisade Wall x1 |
| 24:57 | vidar · first_building Siege Workshop |
| 29:16 | vidar · first_building Castle |
| 30:00 | kim.henrik.himanen123 · resign |
[ AI ANALYSIS · 1 CREDIT ]
What really happened in this match?
Wolo.gg analyzes every decision: build order, eco, micro, common mistakes by bracket. Personalized analysis on WhatsApp or Discord in 30 seconds.
Civ guide
Vietnamese
Perfil
kim.henrik.himanen123